General information
- name: BNet
- type: Ladder team game (AT/RT)
- host: Battle.net
- saver: Mata.
map: FullScaleAssault
- players: 8
- length: 31:08
- speed: Fast
- version: 1.21 W3XP
- replay type:

» download(335 KB)
Players
team 1 (winner)
dIRTMCWORDUp (
blue | 123 APM | 3846 actions | 31:08)
5 Far Seer
3 Feral Spirit
2 Chain Lighting
6 Tauren Chieftain
3 Endurance Aura
2 War Stomp
1 Reincarnation
» actions
| Assign group hotkey | 42 | |
| Basic commands | 84 | |
| Build / train | 86 | |
| ESC pressed | 2 | |
| Enter build submenu | 39 | |
| Enter hero's abilities submenu | 11 | |
| Give item / drop item | 8 | |
| Remove unit from queue | 1 | |
| Right click | 1610 | |
| Select / deselect | 334 | |
| Select group hotkey | 1475 | |
| Use ability | 154 | |
3846 total
» units
| Peon | 12 | |
| Grunt | 6 | |
| Wind Rider | 9 | |
| Troll Batrider | 14 | |
41 total
» upgrades
| Berserker Strength | 1 | |
| Ranged Weapons | 3 | |
| Envenomed Spears | 1 | |
| Reinforced Defenses | 1 | |
| Armor | 3 | |
| Spiked Barricades | 1 | |
| Liquid Fire | 1 | |
| Pillage | 1 | |
12 total
» buildings
| Altar of Storms | 1 | |
| Orc Burrow | 6 | |
| Barracks | 1 | |
| Stronghold | 1 | |
| Beastiary | 2 | |
| War Mill | 1 | |
| Fortress | 1 | |
| Voodoo Lounge | 1 | |
| Great Hall | 2 | |
| Watch Tower | 26 | |
42 total
» build order
00:03 Altar of Storms
00:05 Orc Burrow
00:43 Barracks
01:29 Orc Burrow
03:39 Stronghold
05:36 Orc Burrow
06:15 Beastiary
06:17 Beastiary
06:19 War Mill
07:52 Fortress
07:54 Orc Burrow
08:35 Voodoo Lounge
09:48 Great Hall
11:23 Watch Tower
11:23 Watch Tower
12:18 Watch Tower
12:19 Watch Tower
13:14 Watch Tower
13:20 Watch Tower
13:34 Watch Tower
13:40 Watch Tower
13:59 Orc Burrow
15:16 Watch Tower
15:17 Watch Tower
15:17 Watch Tower
15:18 Watch Tower
19:24 Watch Tower
19:34 Orc Burrow
19:58 Watch Tower
19:59 Watch Tower
20:00 Watch Tower
20:01 Watch Tower
25:09 Watch Tower
25:10 Watch Tower
25:11 Watch Tower
27:27 Watch Tower
27:27 Watch Tower
27:27 Watch Tower
29:06 Watch Tower
29:07 Watch Tower
29:08 Watch Tower
31:06 Great Hall
» items
| Scroll of Town Portal | 5 | |
| Lesser Clarity Potion | 5 | |
| Orb of Lightning | 2 | |
| Healing Salve | 2 | |
| Potion of Healing | 1 | |
| Boots of Speed | 1 | |
| Potion of Mana | 1 | |
17 total
iggy_the_fisk (
purple | 85 APM | 2634 actions | 31:08)
5 Archmage
3 Summon Water Elemental
2 Brilliance Aura
» actions
| Assign group hotkey | 57 | |
| Basic commands | 77 | |
| Build / train | 107 | |
| Enter build submenu | 51 | |
| Enter hero's abilities submenu | 5 | |
| Give item / drop item | 1 | |
| Remove unit from queue | 1 | |
| Right click | 1526 | |
| Select / deselect | 457 | |
| Select group hotkey | 264 | |
| Use ability | 88 | |
2634 total
» units
| Peasant | 22 | |
| Footman | 15 | |
| Priest | 10 | |
| Sorceress | 7 | |
| Flying Machine | 11 | |
| Siege Engine | 5 | |
70 total
» upgrades
| Sorceress Training | 1 | |
| Priest Training | 1 | |
| Animal War Training | 1 | |
| Swords | 1 | |
| Flak Cannons | 1 | |
| Flying Machine Bombs | 1 | |
| Barrage | 1 | |
| Gunpowder | 1 | |
8 total
» buildings
| Altar of Kings | 1 | |
| Farm | 10 | |
| Barracks | 1 | |
| Lumber Mill | 1 | |
| Scout Tower | 18 | |
| Guard Tower | 13 | |
| Arcane Tower | 2 | |
| Arcane Vault | 1 | |
| Keep | 1 | |
| Arcane Sanctum | 2 | |
| Castle | 1 | |
| Blacksmith | 1 | |
| Town Hall | 5 | |
| Workshop | 2 | |
59 total
» build order
00:06 Altar of Kings
00:19 Farm
00:35 Barracks
00:43 Farm
01:13 Lumber Mill
02:20 Farm
03:52 Scout Tower
03:54 Scout Tower
04:18 Guard Tower
04:21 Scout Tower
04:25 Guard Tower
04:41 Scout Tower
04:46 Guard Tower
04:48 Scout Tower
05:08 Arcane Tower
05:10 Arcane Vault
05:18 Guard Tower
05:23 Scout Tower
05:34 Scout Tower
05:42 Scout Tower
05:52 Guard Tower
05:54 Scout Tower
05:59 Scout Tower
06:10 Guard Tower
06:12 Scout Tower
06:19 Guard Tower
06:24 Guard Tower
06:32 Scout Tower
06:38 Scout Tower
06:41 Arcane Tower
07:24 Keep
08:08 Farm
08:09 Farm
09:15 Guard Tower
10:01 Arcane Sanctum
10:37 Arcane Sanctum
11:17 Farm
13:11 Castle
15:28 Scout Tower
15:29 Scout Tower
15:49 Blacksmith
16:21 Town Hall
17:11 Town Hall
17:13 Town Hall
17:17 Farm
17:18 Farm
17:29 Guard Tower
17:30 Scout Tower
17:32 Scout Tower
17:57 Guard Tower
18:15 Scout Tower
18:21 Workshop
18:34 Guard Tower
18:43 Workshop
19:11 Farm
19:13 Farm
23:18 Town Hall
25:24 Town Hall
» items
| Scroll of Regeneration | 2 | |
| Lesser Clarity Potion | 1 | |
| Scroll of Town Portal | 2 | |
5 total
iNfideL. (
teal | 61 APM | 1910 actions | 31:08)
3 Archmage
2 Summon Water Elemental
1 Brilliance Aura
2 Mountain King
1 Storm Bolt
1 Bash
» actions
| Assign group hotkey | 59 | |
| Basic commands | 42 | |
| Build / train | 76 | |
| ESC pressed | 1 | |
| Enter build submenu | 36 | |
| Enter hero's abilities submenu | 5 | |
| Right click | 456 | |
| Select / deselect | 350 | |
| Select group hotkey | 791 | |
| Use ability | 94 | |
1910 total
» units
| Peasant | 14 | |
| Footman | 10 | |
| Rifleman | 2 | |
| Priest | 4 | |
| Sorceress | 3 | |
| Spell Breaker | 2 | |
| Dragonhawk Rider | 7 | |
| Gryphon Rider | 2 | |
44 total
» upgrades
| Masonry | 1 | |
| Lumber Harvesting | 1 | |
| Long Rifles | 1 | |
| Animal War Training | 1 | |
| Priest Training | 1 | |
| Swords | 1 | |
| Cloud | 1 | |
7 total
» buildings
| Altar of Kings | 1 | |
| Barracks | 1 | |
| Farm | 10 | |
| Lumber Mill | 1 | |
| Scout Tower | 11 | |
| Guard Tower | 9 | |
| Keep | 1 | |
| Arcane Tower | 1 | |
| Blacksmith | 1 | |
| Arcane Sanctum | 2 | |
| Arcane Vault | 2 | |
| Gryphon Aviary | 2 | |
| Castle | 1 | |
| Town Hall | 2 | |
45 total
» build order
00:09 Altar of Kings
00:16 Barracks
00:29 Farm
00:36 Farm
01:39 Farm
02:09 Lumber Mill
03:49 Scout Tower
03:56 Scout Tower
03:58 Scout Tower
04:00 Scout Tower
04:21 Scout Tower
04:21 Guard Tower
04:24 Guard Tower
04:28 Guard Tower
04:35 Keep
04:50 Guard Tower
04:52 Scout Tower
05:00 Scout Tower
05:01 Scout Tower
05:21 Arcane Tower
05:29 Blacksmith
05:31 Guard Tower
05:31 Guard Tower
05:38 Scout Tower
05:57 Guard Tower
05:59 Scout Tower
06:01 Scout Tower
06:31 Guard Tower
06:31 Guard Tower
07:50 Farm
07:56 Arcane Sanctum
08:42 Arcane Sanctum
09:17 Farm
09:18 Farm
09:56 Farm
10:52 Farm
12:07 Arcane Vault
12:09 Arcane Vault
13:27 Gryphon Aviary
16:22 Farm
16:23 Farm
16:57 Castle
19:04 Gryphon Aviary
22:35 Town Hall
26:53 Town Hall
» items
| Lesser Clarity Potion | 3 | |
| Scroll of Regeneration | 2 | |
| Potion of Healing | 1 | |
6 total
Mata. (
yellow | 194 APM | 6050 actions | 31:08)
4 Warden
2 Shadow Strike
2 Blink
» actions
| Assign group hotkey | 839 | |
| Basic commands | 36 | |
| Build / train | 106 | |
| Enter build submenu | 34 | |
| Enter hero's abilities submenu | 4 | |
| Remove unit from queue | 2 | |
| Right click | 2706 | |
| Select / deselect | 993 | |
| Select group hotkey | 1207 | |
| Use ability | 123 | |
6050 total
» units
| Wisp | 44 | |
| Archer | 5 | |
| Dryad | 18 | |
| Hippogryph | 4 | |
| Goblin Zeppelin | 3 | |
74 total
» upgrades
| Strength of the Wild | 2 | |
| Reinforced Hides | 2 | |
| Ultravision | 1 | |
| Abolish Magic | 1 | |
| Well Spring | 1 | |
7 total
» buildings
| Altar of Elders | 2 | |
| Moon Well | 9 | |
| Ancient of War | 5 | |
| Tree of Ages | 2 | |
| Tree of Life | 4 | |
| Hunter's Hall | 1 | |
| Ancient of Lore | 5 | |
| Tree of Eternity | 2 | |
| Ancient of Wind | 1 | |
| Chimaera Roost | 2 | |
| Ancient Protector | 1 | |
34 total
» build order
00:06 Altar of Elders
00:17 Moon Well
02:12 Ancient of War
03:16 Ancient of War
03:18 Ancient of War
04:04 Ancient of War
04:10 Ancient of War
04:29 Moon Well
04:29 Moon Well
05:06 Tree of Ages
07:19 Tree of Life
07:47 Hunter's Hall
09:26 Ancient of Lore
09:44 Ancient of Lore
10:13 Ancient of Lore
10:32 Ancient of Lore
11:10 Ancient of Lore
11:36 Altar of Elders
13:02 Moon Well
13:55 Moon Well
15:09 Moon Well
15:24 Tree of Eternity
15:26 Moon Well
19:18 Ancient of Wind
21:09 Tree of Ages
21:11 Chimaera Roost
21:12 Chimaera Roost
23:12 Tree of Life
25:16 Tree of Life
27:05 Ancient Protector
28:04 Moon Well
28:04 Moon Well
30:50 Tree of Life
» items
| Potion of Healing | 5 | |
| Scroll of Town Portal | 2 | |
| Staff of Sanctuary | 1 | |
8 total
team 2 (loser)

»
dragonslayer673 (
orange | 116 APM | 3619 actions | 31:05)
5 Paladin
3 Holy Light
2 Devotion Aura
4 Mountain King
2 Storm Bolt
2 Bash
» actions
| Assign group hotkey | 109 | |
| Basic commands | 44 | |
| Build / train | 130 | |
| Enter build submenu | 24 | |
| Enter hero's abilities submenu | 10 | |
| Give item / drop item | 1 | |
| Remove unit from queue | 4 | |
| Right click | 2091 | |
| Select / deselect | 633 | |
| Select group hotkey | 465 | |
| Use ability | 108 | |
3619 total
» units
| Peasant | 24 | |
| Rifleman | 14 | |
| Dragonhawk Rider | 8 | |
| Flying Machine | 28 | |
| Mortar Team | 5 | |
79 total
» upgrades
| Gunpowder | 2 | |
| Armor | 2 | |
| Long Rifles | 1 | |
| Flak Cannons | 1 | |
| Cloud | 1 | |
| Masonry | 1 | |
8 total
» buildings
| Altar of Kings | 1 | |
| Farm | 11 | |
| Barracks | 2 | |
| Blacksmith | 1 | |
| Keep | 2 | |
| Lumber Mill | 1 | |
| Arcane Vault | 1 | |
| Gryphon Aviary | 1 | |
| Castle | 2 | |
| Workshop | 1 | |
23 total
» build order
00:12 Altar of Kings
00:34 Farm
01:39 Farm
01:41 Barracks
01:46 Blacksmith
01:50 Barracks
02:28 Farm
02:36 Farm
03:03 Farm
05:18 Farm
05:19 Farm
05:52 Keep
11:04 Lumber Mill
11:08 Arcane Vault
12:56 Gryphon Aviary
14:35 Castle
14:35 Castle
15:21 Workshop
15:25 Farm
15:26 Farm
16:17 Farm
16:18 Farm
» items
| Potion of Healing | 3 | |
| Scroll of Regeneration | 2 | |
| Scroll of Town Portal | 6 | |
| Lesser Clarity Potion | 2 | |
| Staff of Sanctuary | 1 | |
14 total

»
HermioneSoHot (
green | 40 APM | 1226 actions | 30:54)
4 Dark Ranger
1 Black Arrow
1 Life Drain
2 Silence
» actions
| Assign group hotkey | 27 | |
| Basic commands | 94 | |
| Build / train | 32 | |
| Enter build submenu | 15 | |
| Enter hero's abilities submenu | 4 | |
| Remove unit from queue | 1 | |
| Right click | 683 | |
| Select / deselect | 244 | |
| Select group hotkey | 24 | |
| Use ability | 102 | |
1226 total
» units
» buildings
| Moon Well | 6 | |
| Ancient of War | 2 | |
| Altar of Elders | 1 | |
| Hunter's Hall | 2 | |
| Tree of Life | 3 | |
14 total
» build order
00:10 Moon Well
00:20 Ancient of War
01:05 Altar of Elders
01:44 Moon Well
02:48 Moon Well
04:17 Ancient of War
04:56 Moon Well
05:59 Hunter's Hall
06:02 Hunter's Hall
11:37 Tree of Life
14:09 Moon Well
14:14 Moon Well
19:51 Tree of Life
20:44 Tree of Life
» items
| Potion of Lesser Invulnerability | 1 | |
1 total

»
SDFWESDER (
pink | 71 APM | 2217 actions | 31:07)
5 Death Knight
3 Death Coil
2 Unholy Aura
4 Lich
2 Frost Nova
2 Frost Armor
4 Dreadlord
2 Sleep
2 Carrion Swarm
» actions
| Assign group hotkey | 89 | |
| Build / train | 71 | |
| Enter build submenu | 23 | |
| Enter hero's abilities submenu | 14 | |
| Give item / drop item | 1 | |
| Right click | 1354 | |
| Select / deselect | 288 | |
| Select group hotkey | 286 | |
| Use ability | 91 | |
2217 total
» units
| Acolyte | 14 | |
| Ghoul | 4 | |
| Crypt Fiend | 5 | |
| Frost Wyrm | 7 | |
30 total
» upgrades
| Burrow | 1 | |
| Creature Attack | 1 | |
| Creature Carapace | 1 | |
3 total
» buildings
| Graveyard | 2 | |
| Crypt | 2 | |
| Ziggurat | 15 | |
| Altar of Darkness | 1 | |
| Nerubian Tower | 1 | |
| Tomb of Relics | 2 | |
| Spirit Tower | 4 | |
| Halls of the Dead | 3 | |
| Black Citadel | 1 | |
| Sacrificial Pit | 1 | |
| Boneyard | 3 | |
| Necropolis | 1 | |
| Slaughterhouse | 1 | |
37 total
» build order
00:13 Graveyard
00:24 Crypt
00:45 Ziggurat
00:59 Altar of Darkness
01:18 Ziggurat
01:43 Nerubian Tower
02:13 Tomb of Relics
03:05 Spirit Tower
05:03 Halls of the Dead
05:04 Halls of the Dead
06:42 Ziggurat
06:43 Ziggurat
07:38 Black Citadel
08:03 Sacrificial Pit
08:55 Ziggurat
10:01 Boneyard
12:33 Necropolis
13:10 Ziggurat
13:10 Ziggurat
15:10 Spirit Tower
15:12 Ziggurat
15:12 Ziggurat
15:14 Tomb of Relics
16:39 Spirit Tower
17:18 Slaughterhouse
17:25 Spirit Tower
17:41 Boneyard
17:42 Boneyard
18:41 Ziggurat
18:44 Ziggurat
18:44 Ziggurat
23:19 Halls of the Dead
23:22 Ziggurat
25:48 Crypt
25:51 Ziggurat
25:52 Ziggurat
27:39 Graveyard
» items
| Rod of Necromancy | 2 | |
| Dust of Appearance | 1 | |
| Orb of Corruption | 1 | |
| Scroll of Town Portal | 6 | |
| Potion of Mana | 1 | |
| Lesser Clarity Potion | 1 | |
12 total

»
TheBlueDevil116 (
red | 81 APM | 2497 actions | 30:57)
6 Death Knight
3 Death Coil
2 Unholy Aura
1 Animate Dead
5 Lich
3 Frost Nova
2 Dark Ritual
5 Dreadlord
2 Sleep
3 Carrion Swarm
» actions
| Assign group hotkey | 32 | |
| Basic commands | 1 | |
| Build / train | 88 | |
| Enter build submenu | 23 | |
| Enter hero's abilities submenu | 16 | |
| Give item / drop item | 3 | |
| Remove unit from queue | 1 | |
| Right click | 1322 | |
| Select / deselect | 409 | |
| Select group hotkey | 477 | |
| Use ability | 125 | |
2497 total
» units
| Acolyte | 26 | |
| Ghoul | 4 | |
| Crypt Fiend | 7 | |
| Frost Wyrm | 4 | |
| Goblin Zeppelin | 2 | |
43 total
» upgrades
| Burrow | 1 | |
| Web | 1 | |
| Creature Attack | 3 | |
| Creature Carapace | 3 | |
| Freezing Breath | 1 | |
9 total
» buildings
| Graveyard | 1 | |
| Crypt | 1 | |
| Ziggurat | 10 | |
| Altar of Darkness | 1 | |
| Tomb of Relics | 1 | |
| Halls of the Dead | 1 | |
| Necropolis | 1 | |
| Black Citadel | 1 | |
| Sacrificial Pit | 1 | |
| Boneyard | 3 | |
| Spirit Tower | 1 | |
22 total
» build order
00:16 Graveyard
00:19 Crypt
00:39 Ziggurat
00:57 Altar of Darkness
01:14 Ziggurat
02:17 Tomb of Relics
05:49 Halls of the Dead
05:50 Ziggurat
05:51 Ziggurat
07:20 Ziggurat
07:20 Ziggurat
07:37 Ziggurat
07:39 Ziggurat
07:41 Ziggurat
07:44 Ziggurat
07:46 Necropolis
08:25 Black Citadel
08:36 Sacrificial Pit
10:58 Boneyard
10:59 Boneyard
11:27 Boneyard
24:28 Spirit Tower
» items
| Rod of Necromancy | 3 | |
| Scroll of Town Portal | 5 | |
| Potion of Mana | 2 | |
| Orb of Corruption | 1 | |
| Scroll of Healing | 2 | |
13 total
Chat log
(00:03 / Allies) iggy_the_fisk: lol
(00:06 / Allies) iNfideL.: lmao
(00:08 / Allies) Mata.: twoer rush
(00:09 / All) SDFWESDER: HI!
(00:09 / All) dIRTMCWORDUp: sup nigger slave.
(00:10 / Allies) Mata.: fuck everything
(00:14 / All) dIRTMCWORDUp: *makes a tower wall*
(00:23 / Allies) dIRTMCWORDUp: i got gruntso
(00:24 / Allies) Mata.: yeah they'll be expecting it anyway
(00:28 / Allies) dIRTMCWORDUp: you guys trush
(00:34 / Allies) Mata.: gonna try to scout out a ne
(00:45 / Allies) iNfideL.: look at those nicks
(00:50 / Allies) iNfideL.: geegee
(00:53 / All) dIRTMCWORDUp: nigger im allowing you to speak to me
(00:53 / Allies) Mata.: sdfwesder is black
(00:56 / Allies) dIRTMCWORDUp: these guyas are p4k
(00:59 / Allies) dIRTMCWORDUp: and yeah pink is black
(01:01 / All) HermioneSoHot: LET MY PPL GO
(01:10 / All) dIRTMCWORDUp: wrong oppressed race
(01:20 / All) HermioneSoHot: DAMN
(01:23 / All) TheBlueDevil116: TRUCK STICK RIGHT THROUGH IT
(01:24 / All) Mata.: jews good with money, niggs good at nothing
(01:26 / All) dIRTMCWORDUp: nice try i give u 8 props
(01:34 / All) HermioneSoHot: NICE
(01:35 / All) Mata.: esp not warcraft apparently
(01:39 / All) dIRTMCWORDUp: niggers good at ruining our society
(01:40 / All) HermioneSoHot: CAN I CASH EM IN FOR COOL PRIZES?
(01:49 / All) dIRTMCWORDUp: yueah but 8 isnt a lot
(01:57 / All) dIRTMCWORDUp: for first prize you see a picture of my dick, is 100 props
(01:58 / Allies) Mata.: tower rush this nigg
(02:02 / Allies) Mata.: i was too late for off aow
(02:03 / Allies) Mata.: but w/e
(02:13 / Allies) Mata.: lets go
(02:14 / Allies) dIRTMCWORDUp: going around top side
(02:30 / Allies) Mata.: send worker
(02:33 / Allies) Mata.: infidel
(02:36 / Allies) Mata.: i thought you were tower rushing!!!
(02:38 / Allies) Mata.: ok gogo
(02:45 / All) TheBlueDevil116: I AM GAY
(02:45 / Allies) Mata.: nice
(02:49 / All) SDFWESDER: ME 2
(02:50 / All) dragonslayer673: me too
(02:50 / Allies) Mata.: hmm. a noob?
(02:52 / All) TheBlueDevil116: SHOT AT LOVE WITH THEBLUEDEVIL116
(02:59 / All) dIRTMCWORDUp: why is nigger talking
(03:01 / All) dIRTMCWORDUp: do not speak
(03:24 / Allies) dIRTMCWORDUp: red fiend up top
(03:29 / Allies) dIRTMCWORDUp: orange paladin
(03:51 / Allies) Mata.: set down tower
(06:06 / Allies) Mata.: manner spanding
(06:54 / Allies) dIRTMCWORDUp: orange got no worker and is teching
(07:15 / Allies) dIRTMCWORDUp: orange out of game soon
(07:17 / Allies) dIRTMCWORDUp: keep them busy
(07:27 / Allies) Mata.: cant
(07:28 / Allies) Mata.: fight is over
(07:39 / Allies) dIRTMCWORDUp: fucked him bad at least
(07:42 / Allies) dIRTMCWORDUp: still teching
(07:44 / Allies) dIRTMCWORDUp: no worker
(07:51 / Allies) Mata.: im tier 2
(07:54 / Allies) Mata.: getting yad and shit i guess
(07:57 / Allies) iNfideL.: same
(07:58 / Allies) dIRTMCWORDUp: wyv coming
(08:19 / Allies) Mata.: brt
(08:23 / Allies) Mata.: dont greed
(08:23 / Allies) Mata.: tp
(08:24 / Allies) Mata.: out
(09:01 / Allies) iNfideL.: someone hook it up w/ some wood
(09:13 / Allies) iNfideL.: ty
(10:14 / Allies) dIRTMCWORDUp: any gold?
(10:19 / Allies) iggy_the_fisk: lum
(11:21 / Allies) Mata.: nm
(11:48 / Allies) dIRTMCWORDUp: need help
(11:59 / Allies) Mata.: hero is dead atm
(13:02 / Allies) dIRTMCWORDUp: wood
(14:19 / Allies) Mata.: tp
(15:03 / Allies) iNfideL.: bah
(15:07 / Allies) iNfideL.: need to help with groceries
(15:08 / Allies) iNfideL.: sec
(15:38 / Allies) Mata.: no hero atm
(15:54 / All) dIRTMCWORDUp: get out nigger
(17:19 / Allies) Mata.: lets push
(17:41 / Allies) iggy_the_fisk: play of the game coming up imo
(17:48 / Allies) Mata.: pro
(17:53 / All) dIRTMCWORDUp: cu nig
(18:03 / Allies) Mata.: i got
(18:16 / All) dIRTMCWORDUp: dang you got my hero gg i quit
(18:22 / All) dragonslayer673: yep
(18:35 / All) iNfideL.: what do you think he is, a dragon?!
(18:39 / All) iNfideL.: don't SLAYYY him
(18:48 / Allies) Mata.: nm cant' take taht
(18:57 / Allies) Mata.: forgot about triple hero
(19:27 / Allies) dIRTMCWORDUp: any lum
(19:51 / Allies) dIRTMCWORDUp: check
(19:51 / Allies) Mata.: they probably taken em
(19:55 / Allies) Mata.: nm that's good
(20:19 / Allies) dIRTMCWORDUp: gtfo
(20:23 / Allies) dIRTMCWORDUp: nm
(21:00 / Allies) dIRTMCWORDUp: bat pumping
(21:04 / Allies) Mata.: main gone
(21:09 / Allies) dIRTMCWORDUp: repair
(21:10 / Allies) dIRTMCWORDUp: i tp
(21:20 / Allies) Mata.: hurry up then
(21:29 / Allies) Mata.: great tp
(21:52 / Allies) dIRTMCWORDUp: who wants claws
(21:57 / Allies) Mata.: my dead warden will take
(22:16 / Allies) Mata.: they taking this
(22:44 / Allies) Mata.: walking down
(23:11 / Allies) dIRTMCWORDUp: need lum
(23:13 / Allies) iNfideL.: ass load of frosties
(23:24 / Allies) Mata.: i got some yad...
(23:28 / Allies) Mata.: we need bats and shit tho
(23:30 / Allies) dIRTMCWORDUp: make lore somehwere
(23:33 / Allies) Mata.: i have like 3 bro
(23:33 / Allies) dIRTMCWORDUp: pumping bat
(23:36 / Allies) dIRTMCWORDUp: sweet
(23:42 / Allies) Mata.: im at max food tho
(23:43 / Allies) dIRTMCWORDUp: you guys need to expadn
(24:01 / Allies) Mata.: wanna tp?
(24:02 / Allies) dIRTMCWORDUp: and tower up
(24:05 / Allies) dIRTMCWORDUp: got no heroes
(24:06 / Allies) iNfideL.: pls :)
(24:07 / Allies) Mata.: ok
(24:12 / Allies) Mata.: place tech somewhre
(24:15 / Allies) Mata.: or is this last?
(24:23 / Allies) Mata.: well i cant take
(24:28 / Allies) Mata.: rebuild
(24:31 / Allies) dIRTMCWORDUp: iggy make some tank
(24:38 / Allies) Mata.: gyro is fine imho
(24:41 / Allies) dIRTMCWORDUp: w/e
(24:48 / Allies) dIRTMCWORDUp: get wisp out
(25:12 / Allies) dIRTMCWORDUp: take
(25:17 / Allies) dIRTMCWORDUp: where is warden
(25:19 / Allies) dIRTMCWORDUp: take my calwz
(25:24 / Allies) dIRTMCWORDUp: ad boots
(25:26 / Allies) Mata.: warden here
(25:31 / Allies) dIRTMCWORDUp: get over here
(25:35 / Allies) Mata.: busy
(25:55 / Allies) Mata.: coming
(26:42 / Allies) iNfideL.: gold me for expo
(27:12 / Allies) Mata.: do they hav any other expos/
(27:37 / Allies) Mata.: he bailed
(27:46 / Allies) Mata.: take out his big gay main
(27:50 / Allies) Mata.: so he acnt get mort
(28:01 / Allies) dIRTMCWORDUp: pink tp
(28:19 / Allies) Mata.: take main then out
(28:33 / Allies) Mata.: nah just out
(29:00 / Allies) Mata.: check em
(29:10 / Allies) dIRTMCWORDUp: build
(29:10 / Allies) dIRTMCWORDUp: pelase
(29:14 / Allies) dIRTMCWORDUp: i checked top left
(29:54 / Allies) Mata.: kill ojay base
(29:55 / Allies) Mata.: im coming up
(30:14 / Allies) dIRTMCWORDUp: tping back
(30:51 / Allies) Mata.: worker it
(30:56 / All) dIRTMCWORDUp: gg
(30:57 / Allies) Mata.: yep
(30:58 / All) Mata.: yeah